 Dungeon Crawl Stone Soup version 0.30-a0-585-g93115170b9 (webtiles) character file.

Game seed: 16285758104162482528

466 Newt the Trooper (level 6, -4/50 HPs)
             Began as a Demonspawn Gladiator on Jan 1, 2023.
             Killed from afar by Dowan (21 damage)
             ... with a shard of ice
             ... on level 4 of the Dungeon.
             The game lasted 00:03:56 (2888 turns).

Newt the Trooper (Demonspawn Gladiator)             Turns: 2888, Time: 00:03:57

Health: -4/50      AC:  7    Str: 16    XL:     6   Next: 81%
Magic:  6/6        EV: 12    Int: 10    God:
Gold:   90         SH:  0    Dex: 14    Spells: 5/5 levels left

rFire   . . .      SeeInvis .    k - +1 mace (drain)
rCold   . . .      Faith    .    (no shield)
rNeg    . . .      Spirit   .    b - +0 leather armour
rPois   .          Reflect  .    c - +0 helmet
rElec   .          Harm     .    (no cloak)
rCorr   .          Rampage  .    (no gloves)
Will    .....                    (no boots)
Stlth   ++                       (no amulet)
HPRegen 0.28/turn                (no ring)
MPRegen 0.10/turn                (no ring)

@: no status effects
A: yellow scales 2, demonic guardian 1, spiny 1, weakness stinger 1
a: no special abilities


You were on level 4 of the Dungeon.
You visited 1 branch of the dungeon, and saw 4 of its levels.

You collected 90 gold pieces.

Inventory:

Hand Weapons
 a - a +1 rapier of freezing
 k - a +1 mace of draining (weapon)
Missiles
 d - 3 throwing nets
 h - 28 stones (quivered)
 i - a poisoned dart
Armour
 b - a +0 leather armour (worn)
 c - a +0 helmet (worn)
 n - a +0 chain mail
Wands
 m - a wand of flame (15)
Scrolls
 q - a scroll of amnesia {unknown}
Potions
 e - a potion of heal wounds
 f - 2 potions of curing
 g - 2 potions of flight {unknown}
 j - a potion of magic {unknown}
 l - a potion of invisibility {unknown}
 o - a potion of ambrosia {unknown}
 r - a potion of cancellation {unknown}
 s - a potion of resistance {unknown}


   Skills:
 + Level 4.9 Fighting
 - Level 2.6 Short Blades
 - Level 3.0 Maces & Flails
 - Level 1.7 Throwing
 - Level 3.0 Armour
 - Level 2.6 Dodging
 - Level 2.0 Stealth


You had 5 spell levels left.
You didn't know any spells.
Your spell library contained the following spells:

 Spells                   Type           Power      Damage    Failure   Level
 Cigotuvi's Dreadful Rot  Necr/Pois/Air  0%         N/A       56%         2
 Poisonous Vapours        Pois/Air       0%         N/A       56%         2
 Mephitic Cloud           Conj/Pois/Air  0%         N/A       80%         3
 Ozocubu's Armour         Ice            0%         N/A       80%         3
 Metabolic Englaciation   Hex/Ice        0%         N/A       100%        5
 Simulacrum               Ice/Necr       0%         N/A       100%        6


Dungeon Overview and Level Annotations

Branches:
Dungeon (4/15)
 Temple: D:4-7

Altars:

Shops:
D:2 !

Annotations:
D:4 Dowan


Innate Abilities, Weirdness & Mutations

You are mostly covered in yellow scales. (AC +3)
A weak demonic guardian rushes to your aid.
You are partially covered in sharp spines.
You have a small tail.


Message History

You throw a poisoned dart. The poisoned dart hits Dowan.
Dowan is almost dead.
Throw: 6 darts (poison)
Press: ? - help, Shift-Dir - straight line, f/p - Dowan
Aim: Dowan, wielding a +0 dagger, wearing a +0 robe and carrying a wand of roots (9) (almost dead, fast, heavily drained, 50% to hit)
You throw a poisoned dart.
The poisoned dart completely misses Dowan.
Throw: 5 darts (poison)
Press: ? - help, Shift-Dir - straight line, f/p - Dowan
Aim: Dowan, wielding a +0 dagger, wearing a +0 robe and carrying a wand of roots (9) (almost dead, fast, heavily drained, 50% to hit)
You throw a poisoned dart. The poisoned dart barely misses Dowan.
Dowan says, "Magic will overcome all!"
Dowan gestures wildly while chanting.
Dowan blinks!
Throw: javelin
Press: ? - help, Shift-Dir - straight line, f/p - Dowan
Aim: Dowan, wielding a +0 dagger, wearing a +0 robe and carrying a wand of roots (9) (almost dead, fast, heavily drained, 50% to hit)
You throw a javelin. The javelin misses Dowan.
Dowan gestures wildly while chanting.
Dowan blinks!
Throw: 4 darts (poison)
Press: ? - help, Shift-Dir - straight line, f/p - Dowan
Aim: Dowan, wielding a +0 dagger, wearing a +0 robe and carrying a wand of roots (9) (almost dead, fast, heavily drained, 50% to hit)
You throw a poisoned dart. The poisoned dart barely misses Dowan.
Throw: 3 darts (poison)
Press: ? - help, Shift-Dir - straight line, f/p - Dowan
Aim: Dowan, wielding a +0 dagger, wearing a +0 robe and carrying a wand of roots (9) (almost dead, fast, heavily drained, 50% to hit)
You throw a poisoned dart. The poisoned dart hits Dowan.
Dowan is poisoned.
Dowan is almost dead.
Throw: 2 darts (poison)
Press: ? - help, Shift-Dir - straight line, f/p - Dowan
Aim: Dowan, wielding a +0 dagger, wearing a +0 robe and carrying a wand of roots (9) (almost dead, fast, poisoned, heavily drained, 50% to hit)
You throw a poisoned dart. The poisoned dart hits Dowan.
Dowan looks even sicker.
Dowan is almost dead.
Dowan points at you and mumbles some strange words.
The shard of ice hits you!
Dowan points at you and mumbles some strange words.
The shard of ice hits you!!
You die...

###.##.#######..#
#...............##
#.#######........# #.#
#.####.#.# #.# #.# #†#.#
#.# #.# #)#.##### #.#
#.####.......### #.#
#.#.............
#.#######.#.####@###.#..
#.........#.# #..#
###.#.#.###.# #e..#
#.#....##.# #..##
#.........# .(..
####...#### ....♣
##.##### ((.♣♣ #.....#
♣♣.♣♣ #######


You could see Dowan (fast, very poisoned, very drained).

Vanquished Creatures
  Duvessa (D:4)
  A phantom (D:4)
  2 hounds (D:4)
  An orc priest (D:3)
  Jessica (D:2)
  An iguana (D:4)
  Ijyb (D:3)
  An orc wizard (D:3)
  An adder (D:3)
  3 worms (D:3)
  3 dart slugs
  3 orcs (D:3)
  7 ball pythons
  5 bats
  4 endoplasms
  4 giant cockroaches
  5 goblins
  4 hobgoblins
  2 jackals (D:1)
  8 kobolds
  5 rats
63 creatures vanquished.

Vanquished Creatures (collateral kills)
  A worm (D:2)
  A hobgoblin (D:3)
  A bat (D:2)
3 creatures vanquished.

Grand Total: 66 creatures vanquished

Notes
Turn   | Place    | Note
-------+----------+-------------------------------------------
     0 | D:1      | Newt the Demonspawn Gladiator began the quest for the Orb.
     0 | D:1      | Reached XP level 1. HP: 16/16 MP: 1/1
    77 | D:1      | Reached skill level 1 in Stealth
   182 | D:1      | Gained mutation: A weak demonic guardian rushes to your
                  | aid. [demonic ancestry]
   182 | D:1      | Reached XP level 2. HP: 22/22 MP: 2/2
   759 | D:1      | Gained mutation: You are partially covered in yellow
                  | scales. (AC +2) [demonic ancestry]
   759 | D:1      | Reached XP level 3. HP: 28/28 MP: 3/3
   948 | D:2      | Found Plog's Distillery.
   965 | D:2      | Noticed Jessica
   974 | D:2      | Killed Jessica
   975 | D:2      | Reached skill level 3 in Fighting
  1472 | D:3      | Gained mutation: You are partially covered in sharp spines.
                  | [demonic ancestry]
  1472 | D:3      | Reached XP level 4. HP: 37/37 MP: 4/4
  1476 | D:3      | Noticed Ijyb
  1489 | D:3      | Killed Ijyb
  1490 | D:3      | Reached skill level 4 in Fighting
  1662 | D:3      | Reached skill level 1 in Maces & Flails
  1800 | D:3      | Gained mutation: You are mostly covered in yellow scales.
                  | (AC +3) [demonic ancestry]
  1800 | D:3      | Reached XP level 5. HP: 14/42 MP: 5/5
  2642 | D:4      | Reached skill level 1 in Armour
  2803 | D:4      | Gained mutation: You have a small tail. [demonic ancestry]
  2803 | D:4      | Reached XP level 6. HP: 39/48 MP: 6/6
  2862 | D:4      | Noticed Duvessa
  2864 | D:4      | Noticed Dowan
  2873 | D:4      | Killed Duvessa
  2888 | D:4      | Killed from afar by Dowan

Illustrated notes

Levels and vault maps discovered:
D:1:      minmay_arrival_four_circles, layout_basic, serial_bayou_pond_d
D:2:      layout_basic, serial_shops, shop, uniq_jessica
D:3:      layout_basic, uniq_ijyb
D:4:      layout_loops_ring, serial_rivers, chequers_serial_rivers_micro_c,
          chequers_serial_rivers_micro_a, chequers_serial_rivers_small_3,
          chequers_serial_rivers_room_b, chequers_serial_rivers_room_a,
          portal_sewer_entry_e, uniq_crazy_yiuf_cottage, uniq_duvessa

Skill      XL: |  1  2  3  4  5  6 |
---------------+-------------------+-----
Stealth        | 1 2 |  2.0
Fighting       | 3 4 |  4.9
Maces & Flails | 2 3 |  3.0
Armour         | 2 3 |  3.0
Short Blades   | |  2.6
Throwing       | |  1.7
Dodging        | |  2.6

Action                   |  1- 3 |  4- 6 || total
-------------------------+-------+-------++-------
Melee: Rapier            |    90 |    11 ||   101
       Mace              |       |    72 ||    72
       Tailslap          |       |     4 ||     4
Throw: Javelin           |     1 |     2 ||     3
       Dart              |       |    13 ||    13
  Use: Scroll            |     8 |     2 ||    10
       Potion            |       |     1 ||     1
 Stab: Sleeping          |     5 |     4 ||     9
Armor: Leather armour    |    39 |    26 ||    65
Dodge: Dodged            |    69 |    37 ||   106

Table legend: (Time is in decaauts)
 A = Elapsed time spent in this place.
 B = Non-inter-level travel time spent in this place.
 C = Inter-level travel time spent in this place.
 D = Time resting spent in this place.
 E = Time spent auto-exploring this place.
 F = Levels seen in this place.
 G = Mean time per level.
                   A        B        C        D        E       F      G
               +--------+--------+--------+--------+--------+-----+--------+
         Total |   2916 |   2853 |     63 |    523 |   1733 |   4 |  729.0 |
       Dungeon |   2916 |   2853 |     63 |    523 |   1733 |   4 |  729.0 |
               +--------+--------+--------+--------+--------+-----+--------+

Top non-repeatable levels by time:
     D:3: 1197 daAuts
     D:1: 830 daAuts
     D:2: 622 daAuts
     D:4: 266 daAuts
